 Dungeon Crawl Stone Soup version 0.24.0-37-gcf1ca852f1 (webtiles) character file.

Game seed: 14789036765085225182, levelgen mode: deterministic

1197 grindst0ne the Charlatan (level 8, -3/61 HPs)
             Began as a Human Artificer on Dec 5, 2019.
             Was a Believer of Okawaru.
             Slain by Prince Ribbit (13 damage)
             ... on level 5 of the Dungeon.
             The game lasted 00:13:04 (6846 turns).

grindst0ne the Charlatan (Human Artificer)          Turns: 6846, Time: 00:13:04

Health: -3/61      AC: 10    Str: 12 (15) XL:     8   Next: 72%
Magic:  20/20      EV:  4    Int: 10 (11) God:    Okawaru [**....]
Gold:   226        SH:  8    Dex: 12 (14) Spells: 7/7 levels left

rFire    . . .     SeeInvis .   i - +0 war axe
rCold    . . .     Gourm    +   m - +0 shield
rNeg     . . .     Faith    .   k - +0 chain mail
rPois    .         Spirit   .   o - +1 hat
rElec    .         Reflect  .   (no cloak)
rCorr    .         Harm     .   (no gloves)
MR       .....                  (no boots)
Stlth    ..........             h - amulet of the gourmand
HPRegen  0.20/turn              l - ring of magical power
MPRegen  0.17/turn              (no ring)

@: no status effects
A: no striking features
a: Heroism, Renounce Religion


You were on level 5 of the Dungeon.
You worshipped Okawaru.
Okawaru was pleased with you.
You were completely stuffed.

You visited 1 branch of the dungeon, and saw 5 of its levels.

You collected 226 gold pieces.

Inventory:

Hand Weapons
 i - a +0 war axe (weapon)
Missiles
 b - 4 boomerangs (quivered)
Armour
 k - a +0 chain mail (worn)
 m - a +0 shield (worn)
 o - a +1 hat (worn)
 t - a +1 ring mail of cold resistance
 B - a +0 robe of the Archmagi
Jewellery
 g - an uncursed ring of protection from cold {unknown}
 h - an amulet of the gourmand (around neck)
 l - a ring of magical power (left hand)
 v - a cursed amulet of inaccuracy {unknown}
 w - an uncursed ring of resist corrosion {unknown}
 y - a +3 ring of intelligence {unknown}
Wands
 d - a wand of enslavement (7)
Scrolls
 a - 2 scrolls of teleportation
 j - 3 scrolls of amnesia {unknown}
 n - 5 scrolls of remove curse
 p - 5 scrolls of identify {unknown}
 r - a scroll of blinking {unknown}
 s - 2 scrolls of fog {unknown}
 A - a scroll of enchant weapon {unknown}
Potions
 e - a potion of magic
 q - a potion of degeneration
 x - a potion of brilliance
Comestibles
 f - 6 rations


   Skills:
 + Level 4.4 Fighting
   Level 1.0 Short Blades
 + Level 4.3 Axes
 + Level 4.2 Armour
 - Level 2.0 Dodging
 - Level 1.0 Stealth
 + Level 4.0 Shields
 - Level 5.0 Evocations


You had 7 spell levels left.
You didn't know any spells.
Your spell library was empty.

Dungeon Overview and Level Annotations

Branches:
Dungeon (5/15)
 Temple: D:4-7

Altars:
Cheibriados
Fedhas
Gozag
Hepliaklqana
Makhleb
Okawaru

Shops:
D:4 [

Annotations:
D:4 exclusion: downstairs
D:5 Prince Ribbit


Message History

You closely miss Prince Ribbit.
Prince Ribbit is severely wounded.
You block Prince Ribbit's attack.
Your shield and chain mail prevent you from hitting Prince Ribbit.
Prince Ribbit is severely wounded.
Prince Ribbit hits you!
* * * LOW HITPOINT WARNING * * *
Prince Ribbit hits you but does no damage.
You closely miss Prince Ribbit.
Prince Ribbit is severely wounded.
Prince Ribbit hits you!
* * * LOW HITPOINT WARNING * * *
Prince Ribbit hits you but does no damage.
You closely miss Prince Ribbit.
Prince Ribbit is severely wounded.
Prince Ribbit hits you but does no damage. x2
You miss Prince Ribbit.
Prince Ribbit is severely wounded.
Prince Ribbit hits you!
You die...

..###..###.#...####...#
##..#.# .......#
#.#...####.#.######..#..
.......#
#........#.#.........#.#
.......#
####.....#.#########.#.#
.......######(....#.######
#...#
..................#.....<#
##..#
............(.....########
#..#
............(...F.#####
##.#
..............((@.....#
#..
#...###.......###.....#
##.. #...# #.......#
#.....# #... #...#
#####...# #...<.# #...
#...# #...# #.....# #...
#...# #...# #.....# #...
#'''### #...# #.....# #...
......## #...# #.....#
#...
≈...≈..####...###.....#
#...


You could see Prince Ribbit.

Vanquished Creatures
  Sigmund (D:2)
  A phantom (D:4)
  An ogre (D:4)
  Blork the orc (D:5)
  4 howler monkeys
  3 hounds
  An orc wizard (D:3)
  A centaur skeleton (D:4)
  A bullfrog skeleton (D:5)
  An iguana (D:4)
  5 worker ants
  A hound skeleton (D:4)
  A howler monkey zombie (D:5)
  Robin (D:2)
  5 adders
  3 gnolls (D:5)
  An ooze (D:3)
  9 worms
  4 dart slugs
  5 leopard geckos
  8 orcs
  10 giant cockroaches
  12 goblins
  17 hobgoblins
  5 jackals
  4 quokkas
  7 bats
  3 frilled lizards
  10 kobolds
  9 rats
135 creatures vanquished.

Vanquished Creatures (collateral kills)
  A centaur (D:5)
  An orc (D:5)
2 creatures vanquished.

Vanquished Creatures (others)
  A sky beast (D:5)
  A worker ant (D:5)
  An adder (D:5)
3 creatures vanquished.

Grand Total: 140 creatures vanquished

Notes
Turn   | Place    | Note
-------+----------+-------------------------------------------
     0 | D:1      | grindst0ne the Human Artificer began the quest for the Orb.
     0 | D:1      | Reached XP level 1. HP: 15/15 MP: 3/3
   384 | D:1      | Reached XP level 2. HP: 17/21 MP: 4/4
   850 | D:2      | Found an iron altar of Okawaru.
   858 | D:2      | Became a worshipper of Warmaster Okawaru
   931 | D:2      | Noticed Robin
  1179 | D:2      | Reached skill level 1 in Armour
  1180 | D:2      | Reached XP level 3. HP: 12/26 MP: 5/5
  1716 | D:2      | Reached skill level 1 in Axes
  1766 | D:2      | Reached XP level 4. HP: 26/33 MP: 6/6
  1896 | D:2      | Reached skill level 1 in Shields
  2284 | D:2      | Killed Robin
  2635 | D:2      | Reached XP level 5. HP: 36/38 MP: 7/7
  3014 | D:2      | Found a faded altar of an unknown god.
  3078 | D:2      | Found an opulent altar of Gozag.
  3096 | D:2      | Noticed Sigmund
  3109 | D:2      | Killed Sigmund
  3109 | D:2      | Reached * piety under Okawaru
  3109 | D:2      | Reached skill level 4 in Evocations
  3109 | D:2      | Reached XP level 6. HP: 22/46 MP: 9/9
  3693 | D:3      | Reached XP level 7. HP: 52/52 MP: 10/10
  4329 | D:4      | Found a hazy altar of Hepliaklqana.
  4398 | D:4      | Found Yqoteshro's Armour Shop.
  4470 | D:4      | Reached ** piety under Okawaru
  4576 | D:4      | Found a blossoming altar of Fedhas.
  4607 | D:4      | Reached XP level 8. HP: 59/60 MP: 11/11
  5080 | D:5      | Entered Level 5 of the Dungeon
  5153 | D:5      | Found a snail-covered altar of Cheibriados.
  5224 | D:5      | Reached skill level 5 in Evocations
  5236 | D:5      | Noticed Blork the orc
  5312 | D:5      | Killed Blork the orc
  5593 | D:5      | Noticed Prince Ribbit
  5745 | D:5      | HP: 1/60 [Prince Ribbit (14)]
  5751 | D:5      | HP: 2/60 [Prince Ribbit (9)]
  6425 | D:5      | Found a burning altar of Makhleb.
  6846 | D:5      | Slain by Prince Ribbit

Levels and vault maps discovered:
D:1:      dpeg_arrival_windows_large_door, layout_basic
D:2:      minmay_thinvault, layout_basic, old_standard_altar,
          okawaru_ov_weapons_minmay, chequers_ecumenical_altar_simple,
          lemuel_statue_altar, uniq_robin, uniq_sigmund
D:3:      layout_rooms, first_ration
D:4:      layout_loops_cross, kennysheep_mini_moat, lemuel_round_altar,
          serial_shops, shop
D:5:      layout_basic, slow_altar_1, lemuel_coloured_pillars_altar,
          kennysheep_cluttered_room, uniq_blork_the_orc, uniq_prince_ribbit1

Skill      XL: |  1  2  3  4  5  6  7  8 |
---------------+-------------------------+-----
Armour         | 1 2 3 4 |  4.2
Axes           | 1 2 3 4 |  4.3
Shields        | 1 2 3 4 |  4.0
Fighting       | 2 3 4 |  4.4
Evocations     | 4 5 |  5.0
Short Blades   | |  1.0
Dodging        | |  2.0
Stealth        | |  1.0

Action                   |  1- 3 |  4- 6 |  7- 9 || total
-------------------------+-------+-------+-------++-------
Melee: Short sword       |    34 |       |       ||    34
       Hand axe          |   112 |   166 |       ||   278
       War axe           |       |    14 |   320 ||   334
Throw: Boomerang         |       |     1 |       ||     1
Invok: Heroism           |       |       |     1 ||     1
Evoke: Wand              |     2 |    17 |    19 ||    38
  Use: Scroll            |     1 |     2 |     1 ||     4
       Potion            |       |     1 |     6 ||     7
 Stab: Paralysed         |       |       |     3 ||     3
       Confused          |       |       |     1 ||     1
  Eat: Chunk             |     4 |    14 |    11 ||    29
Armor: Leather armour    |    17 |       |       ||    17
       Ring mail         |    68 |    82 |    47 ||   197
       Chain mail        |       |       |   115 ||   115
Dodge: Dodged            |    93 |    66 |    91 ||   250
Block: Shield            |    38 |    85 |   146 ||   269
